[ AOE2 MATCH · #494286973 ]
UnrankedChinese vs Huns
Player's team · LOSS
Rival team · WIN
[ REPLAY ANALYSIS · EXTRACTED FROM THE RECORDED GAME ]
Feudal
8:51
Castle
28:27
Imperial
—
| APM avg | 37.6 |
| APM peak | 54 |
| eAPM avg | 19.5 |
| Villagers / military | 86 / 45 |
Focus
⚔️ 30.9% · 🌾 69.1%
Skirmisher ×21 · Fire Lancer ×14 · Scout Cavalry ×7 · Spearman ×2 · Monk ×1
Feudal
9:01
Castle
25:40
Imperial
—
| APM avg | 44.6 |
| APM peak | 90 |
| eAPM avg | 20.5 |
| Villagers / military | 95 / 45 |
Focus
⚔️ 29.4% · 🌾 70.6%
Skirmisher ×19 · Knight ×9 · Spearman ×7 · Scout Cavalry ×5 · Cavalry Archer ×3 · Mangonel ×2
Match map
Initial resources + every placement click. Lines = walls · curves = elevation contours. ◆ gold · ⬟ stone · ● berries · ✦ relic · ◌ wall gap
Your base· Open — unwalled flank
Mingzhou's base· Open — unwalled flank
Smoothed initial terrain · ◌ = detected wall gap · hover for details
Inputs per minute
— get wild - - Mingzhou
Build order — get wild
First 150 of 234 actions detected
| 0:00 | Research | Loom |
| 0:51 | Create | Villager (Male) |
| 0:51 | Create | Villager (Male) |
| 1:11 | Create | Villager (Male) |
| 1:11 | Create | Villager (Male) |
| 1:38 | Create | Villager (Male) |
| 1:38 | Create | Villager (Male) |
| 2:01 | Create | Villager (Male) |
| 2:01 | Create | Villager (Male) |
| 2:28 | Create | Villager (Male) |
| 2:28 | Create | Villager (Male) |
| 2:45 | Create | Villager (Male) |
| 2:45 | Create | Villager (Male) |
| 2:49 | Build | Mill |
| 3:01 | Build | House |
| 3:09 | Create | Villager (Male) |
| 3:36 | Create | Villager (Male) |
| 4:03 | Create | Villager (Male) |
| 4:12 | Create | Villager (Male) |
| 4:23 | Create | Villager (Male) |
| 4:39 | Create | Villager (Male) |
| 4:54 | Build | Lumber Camp |
| 5:13 | Build | House |
| 5:25 | Create | Villager (Male) |
| 5:36 | Create | Villager (Male) |
| 6:40 | Research | Feudal Age |
| 7:07 | Build | House |
| 7:45 | Build | Barracks |
| 8:33 | Build | Palisade Wall |
| 8:34 | Build | Palisade Wall |
| 8:36 | Build | Palisade Wall |
| 8:51 | Age | Feudal Age |
| 8:56 | Build | Archery Range |
| 8:58 | Create | Villager (Male) |
| 8:59 | Create | Villager (Male) |
| 9:21 | Build | Mill |
| 9:29 | Build | Farm |
| 9:35 | Build | House |
| 9:42 | Create | Villager (Male) |
| 9:47 | Create | Skirmisher |
| 10:08 | Create | Villager (Male) |
| 10:10 | Create | Skirmisher |
| 10:12 | Build | House |
| 10:13 | Build | Palisade Wall |
| 10:15 | Build | Palisade Wall |
| 10:17 | Build | Farm |
| 10:26 | Build | Palisade Wall |
| 10:36 | Create | Villager (Male) |
| 10:40 | Build | Farm |
| 10:51 | Create | Spearman |
| 11:01 | Create | Villager (Male) |
| 11:11 | Create | Villager (Male) |
| 11:15 | Build | House |
| 11:20 | Build | Lumber Camp |
| 11:20 | Create | Villager (Male) |
| 11:27 | Create | Skirmisher |
| 11:28 | Create | Villager (Male) |
| 11:36 | Create | Villager (Male) |
| 12:07 | Create | Villager (Male) |
| 12:17 | Build | Watch Tower |
| 12:23 | Create | Villager (Male) |
| 12:34 | Create | Villager (Male) |
| 12:39 | Create | Villager (Male) |
| 12:57 | Build | Farm |
| 12:59 | Build | Farm |
| 13:00 | Create | Villager (Male) |
| 13:20 | Build | House |
| 13:37 | Build | Farm |
| 13:38 | Build | Farm |
| 13:59 | Build | Blacksmith |
| 14:06 | Create | Villager (Male) |
| 14:16 | Build | Farm |
| 14:17 | Create | Skirmisher |
| 14:27 | Create | Villager (Male) |
| 14:30 | Build | Farm |
| 14:43 | Research | Fletching |
| 14:55 | Create | Villager (Male) |
| 15:07 | Build | Mining Camp |
| 15:10 | Create | Villager (Male) |
| 15:18 | Create | Villager (Male) |
| 15:21 | Create | Skirmisher |
| 15:37 | Create | Skirmisher |
| 15:48 | Create | Skirmisher |
| 16:01 | Build | Farm |
| 16:09 | Create | Villager (Male) |
| 16:10 | Create | Skirmisher |
| 16:14 | Build | House |
| 16:30 | Create | Villager (Male) |
| 16:37 | Create | Skirmisher |
| 16:43 | Create | Villager (Male) |
| 17:23 | Build | House |
| 17:27 | Create | Skirmisher |
| 17:37 | Build | Farm |
| 17:52 | Create | Skirmisher |
| 18:00 | Create | Villager (Male) |
| 18:02 | Create | Skirmisher |
| 18:05 | Create | Villager (Male) |
| 18:11 | Build | Farm |
| 18:11 | Create | Villager (Male) |
| 18:21 | Create | Skirmisher |
| 18:32 | Build | Lumber Camp |
| 18:35 | Build | Farm |
| 18:48 | Build | Stable |
| 18:53 | Create | Villager (Male) |
| 18:59 | Create | Villager (Male) |
| 19:06 | Build | House |
| 19:15 | Create | Villager (Male) |
| 19:18 | Create | Scout Cavalry |
| 19:21 | Build | House |
| 19:37 | Create | Scout Cavalry |
| 19:38 | Create | Skirmisher |
| 19:55 | Build | House |
| 20:00 | Create | Villager (Male) |
| 20:10 | Create | Skirmisher |
| 20:23 | Create | Scout Cavalry |
| 20:32 | Create | Scout Cavalry |
| 20:39 | Create | Villager (Male) |
| 20:48 | Create | Scout Cavalry |
| 21:00 | Create | Villager (Male) |
| 21:08 | Create | Skirmisher |
| 21:11 | Create | Scout Cavalry |
| 21:15 | Build | House |
| 21:16 | Build | House |
| 21:29 | Build | Palisade Wall |
| 21:31 | Create | Villager (Male) |
| 21:36 | Create | Skirmisher |
| 21:39 | Build | Palisade Wall |
| 21:41 | Build | Palisade Wall |
| 21:49 | Create | Scout Cavalry |
| 21:52 | Build | Farm |
| 22:05 | Create | Skirmisher |
| 22:08 | Build | House |
| 22:24 | Create | Skirmisher |
| 22:46 | Create | Villager (Male) |
| 22:49 | Build | Mining Camp |
| 22:58 | Build | Farm |
| 23:00 | Build | Farm |
| 23:02 | Research | Double-Bit Axe |
| 23:02 | Research | Double-Bit Axe |
| 23:16 | Research | Wheelbarrow |
| 23:23 | Build | Farm |
| 23:25 | Build | Farm |
| 23:29 | Build | Farm |
| 23:30 | Create | Villager (Male) |
| 23:36 | Build | Farm |
| 23:37 | Build | Farm |
| 24:00 | Build | Farm |
| 24:57 | Create | Villager (Male) |
| 25:05 | Build | Lumber Camp |
| 25:07 | Create | Villager (Male) |
Build order — Mingzhou
First 150 of 231 actions detected
| 0:01 | Create | Villager (Male) |
| 0:01 | Create | Villager (Male) |
| 0:02 | Create | Villager (Male) |
| 0:11 | Create | Villager (Male) |
| 0:12 | Create | Villager (Male) |
| 1:17 | Create | Villager (Male) |
| 1:51 | Create | Villager (Male) |
| 1:51 | Create | Villager (Male) |
| 2:14 | Build | Lumber Camp |
| 2:31 | Create | Villager (Male) |
| 2:31 | Create | Villager (Male) |
| 2:32 | Create | Villager (Male) |
| 3:04 | Create | Villager (Male) |
| 3:06 | Create | Villager (Male) |
| 3:32 | Create | Villager (Male) |
| 3:33 | Create | Villager (Male) |
| 4:03 | Create | Villager (Male) |
| 4:04 | Create | Villager (Male) |
| 4:37 | Create | Villager (Male) |
| 4:37 | Create | Villager (Male) |
| 4:37 | Create | Villager (Male) |
| 5:05 | Build | Mill |
| 5:12 | Create | Villager (Male) |
| 6:26 | Research | Loom |
| 6:26 | Research | Loom |
| 6:50 | Research | Feudal Age |
| 6:50 | Research | Feudal Age |
| 7:13 | Create | Villager (Male) |
| 7:58 | Create | Villager (Male) |
| 7:58 | Create | Villager (Male) |
| 8:09 | Build | Barracks |
| 8:14 | Create | Villager (Male) |
| 9:01 | Age | Feudal Age |
| 9:03 | Build | Archery Range |
| 9:03 | Create | Spearman |
| 9:03 | Create | Spearman |
| 9:06 | Create | Villager (Male) |
| 9:31 | Create | Spearman |
| 9:32 | Create | Skirmisher |
| 9:36 | Create | Skirmisher |
| 9:57 | Build | Watch Tower |
| 10:09 | Research | Double-Bit Axe |
| 10:09 | Research | Double-Bit Axe |
| 10:16 | Create | Villager (Male) |
| 10:16 | Create | Villager (Male) |
| 10:37 | Create | Villager (Male) |
| 10:43 | Create | Skirmisher |
| 10:43 | Create | Skirmisher |
| 10:49 | Build | Palisade Wall |
| 10:50 | Build | Palisade Wall |
| 10:50 | Build | Palisade Wall |
| 10:51 | Build | Palisade Wall |
| 11:12 | Create | Skirmisher |
| 11:17 | Build | Farm |
| 11:18 | Build | Farm |
| 11:48 | Create | Villager (Male) |
| 11:56 | Create | Skirmisher |
| 12:06 | Build | Lumber Camp |
| 12:18 | Build | Farm |
| 12:46 | Create | Skirmisher |
| 12:47 | Create | Villager (Male) |
| 12:48 | Create | Villager (Male) |
| 12:58 | Build | Palisade Wall |
| 13:05 | Create | Villager (Male) |
| 13:07 | Build | Blacksmith |
| 13:20 | Create | Skirmisher |
| 13:28 | Create | Villager (Male) |
| 13:51 | Create | Villager (Male) |
| 13:52 | Create | Skirmisher |
| 13:54 | Build | Farm |
| 13:56 | Build | Farm |
| 13:58 | Research | Fletching |
| 14:13 | Create | Villager (Male) |
| 14:19 | Create | Skirmisher |
| 14:36 | Create | Villager (Male) |
| 14:39 | Build | Farm |
| 14:47 | Create | Skirmisher |
| 14:54 | Create | Skirmisher |
| 14:56 | Create | Villager (Male) |
| 15:17 | Build | Mining Camp |
| 15:48 | Create | Skirmisher |
| 15:49 | Create | Villager (Male) |
| 15:59 | Create | Villager (Male) |
| 16:05 | Create | Villager (Male) |
| 16:13 | Create | Villager (Male) |
| 16:31 | Create | Villager (Male) |
| 16:39 | Create | Villager (Male) |
| 16:40 | Build | Farm |
| 16:41 | Build | Farm |
| 16:50 | Create | Villager (Male) |
| 17:05 | Create | Skirmisher |
| 17:06 | Create | Skirmisher |
| 17:07 | Create | Villager (Male) |
| 17:14 | Build | Farm |
| 17:16 | Build | Farm |
| 17:17 | Build | Farm |
| 17:40 | Create | Villager (Male) |
| 17:53 | Create | Skirmisher |
| 17:57 | Build | Farm |
| 17:58 | Build | Farm |
| 18:19 | Create | Skirmisher |
| 18:20 | Create | Villager (Male) |
| 18:22 | Build | Farm |
| 18:32 | Create | Villager (Male) |
| 18:44 | Build | Watch Tower |
| 18:50 | Create | Skirmisher |
| 19:03 | Create | Villager (Male) |
| 19:22 | Create | Villager (Male) |
| 19:24 | Build | Mining Camp |
| 19:28 | Create | Spearman |
| 19:31 | Create | Villager (Male) |
| 19:48 | Build | Palisade Wall |
| 19:49 | Build | Palisade Wall |
| 20:00 | Create | Villager (Male) |
| 20:03 | Build | Palisade Wall |
| 20:03 | Build | Palisade Wall |
| 20:06 | Create | Villager (Male) |
| 20:08 | Build | Farm |
| 20:09 | Build | Farm |
| 20:32 | Create | Spearman |
| 21:05 | Create | Spearman |
| 21:07 | Create | Villager (Male) |
| 21:13 | Create | Spearman |
| 21:14 | Create | Skirmisher |
| 21:15 | Create | Villager (Male) |
| 21:38 | Create | Villager (Male) |
| 21:40 | Build | Farm |
| 21:54 | Create | Villager (Male) |
| 22:01 | Build | Palisade Wall |
| 22:04 | Create | Villager (Male) |
| 22:57 | Build | Stable |
| 23:00 | Research | Castle Age |
| 23:17 | Create | Villager (Male) |
| 23:29 | Research | Scale Barding Armor |
| 23:29 | Research | Scale Barding Armor |
| 23:35 | Research | Forging |
| 23:43 | Build | Watch Tower |
| 23:53 | Create | Scout Cavalry |
| 23:54 | Create | Scout Cavalry |
| 23:57 | Build | Farm |
| 24:29 | Create | Scout Cavalry |
| 24:32 | Build | Farm |
| 24:33 | Build | Farm |
| 24:34 | Create | Villager (Male) |
| 24:54 | Create | Scout Cavalry |
| 25:25 | Build | Palisade Wall |
| 25:25 | Build | Palisade Wall |
| 25:26 | Build | Palisade Wall |
| 25:31 | Build | Farm |
| 25:31 | Create | Villager (Male) |
Match timeline
| 7:45 | get wild · first_building Barracks |
| 8:09 | Mingzhou · first_building Barracks |
| 8:33 | get wild · wall_segment Palisade Wall x1 |
| 8:34 | get wild · wall_segment Palisade Wall x1 |
| 8:36 | get wild · wall_segment Palisade Wall x1 |
| 8:51 | get wild · age_up feudal |
| 8:56 | get wild · first_building Archery Range |
| 9:01 | Mingzhou · age_up feudal |
| 9:03 | Mingzhou · first_building Archery Range |
| 10:13 | get wild · wall_segment Palisade Wall x1 |
| 10:15 | get wild · wall_segment Palisade Wall x2 |
| 10:26 | get wild · wall_segment Palisade Wall x15 |
| 10:49 | Mingzhou · wall_segment Palisade Wall x1 |
| 10:50 | Mingzhou · wall_segment Palisade Wall x1 |
| 10:50 | Mingzhou · wall_segment Palisade Wall x1 |
| 10:51 | Mingzhou · wall_segment Palisade Wall x1 |
| 12:58 | Mingzhou · wall_segment Palisade Wall x1 |
| 18:48 | get wild · first_building Stable |
| 19:48 | Mingzhou · wall_segment Palisade Wall x1 |
| 19:49 | Mingzhou · wall_segment Palisade Wall x1 |
| 20:03 | Mingzhou · wall_segment Palisade Wall x1 |
| 20:03 | Mingzhou · wall_segment Palisade Wall x1 |
| 21:29 | get wild · wall_segment Palisade Wall x16 |
| 21:39 | get wild · wall_segment Palisade Wall x1 |
| 21:41 | get wild · wall_segment Palisade Wall x1 |
| 22:01 | Mingzhou · wall_segment Palisade Wall x1 |
| 22:57 | Mingzhou · first_building Stable |
| 25:25 | Mingzhou · wall_segment Palisade Wall x1 |
| 25:25 | Mingzhou · wall_segment Palisade Wall x1 |
| 25:26 | Mingzhou · wall_segment Palisade Wall x1 |
| 25:40 | Mingzhou · age_up castle |
| 26:18 | get wild · wall_segment Palisade Wall x1 |
| 27:59 | Mingzhou · first_building Castle |
| 28:27 | get wild · age_up castle |
| 32:20 | get wild · first_building Monastery |
| 32:34 | Mingzhou · first_building Siege Workshop |
| 32:48 | get wild · first_building Castle |
| 33:27 | get wild · first_building Siege Workshop |
| 34:29 | get wild · wall_segment Palisade Wall x1 |
| 34:51 | get wild · resign |
[ AI ANALYSIS · 1 CREDIT ]
What really happened in this match?
Wolo.gg analyzes every decision: build order, eco, micro, common mistakes by bracket. Personalized analysis on WhatsApp or Discord in 30 seconds.
Civ guide
Chinese
Perfil
get wild